 Dungeon Crawl Stone Soup version 0.28.0-49-g6dfe1f597d (webtiles) character file.

Game seed: 9993451330541103525

706 pkoi the Insei (level 7, 0/53 HPs)
             Began as a Demigod Gladiator on May 18, 2022.
             Slain by an ogre
             ... wielding a +0 giant spiked club
              (31 damage)
             ... on level 4 of the Dungeon.
             The game lasted 00:06:46 (6721 turns).

pkoi the Insei (Demigod Gladiator)                  Turns: 6721, Time: 00:06:46

Health: 0/53       AC: 11    Str: 19    XL:     7   Next: 16%
Magic:  9/9        EV: 12    Int: 10    God:
Gold:   237        SH:  0    Dex: 19    Spells: 6/6 levels left

rFire   . . .      SeeInvis .   o - +1 short sword (elec)
rCold   . . .      Faith    .   (no shield)
rNeg    . . .      Spirit   .   l - +0 scale mail
rPois   .          Reflect  .   b - +0 helmet
rElec   .          Harm     .   (no cloak)
rCorr   .          Rampage  .   (no gloves)
Will    .....                   (no boots)
Stlth   ..........              (no amulet)
HPRegen 0.17/turn               e - +4 ring of protection
MPRegen 0.11/turn               (no ring)

@: no status effects
A: high MP 1, forlorn, divine attributes
a: no special abilities


You were on level 4 of the Dungeon.
You visited 2 branches of the dungeon, and saw 6 of its levels.
You also visited: Sewer.

You collected 237 gold pieces.

Inventory:

Hand Weapons
 d - a +0 spear
 f - a +4 short sword
 k - a +1 whip of electrocution
 o - a +1 short sword of electrocution (weapon)
Missiles
 c - 3 throwing nets (quivered)
Armour
 a - a +0 leather armour
 b - a +0 helmet (worn)
 l - a +0 scale mail (worn)
Jewellery
 e - a +4 ring of protection (left hand)
Wands
 g - a wand of polymorph (2)
 i - a wand of iceblast (4)
Scrolls
 h - a scroll of blinking
Potions
 n - a potion of curing


   Skills:
 - Level 1.7 Fighting
 - Level 1.7 Throwing
 + Level 2.8 Armour
 + Level 4.1 Dodging
 * Level 6.6 Unarmed Combat


You had 6 spell levels left.
You didn't know any spells.
Your spell library contained the following spells:

 Spells                   Type           Power      Damage    Failure   Level
 Magic Dart               Conj           0%         1d3       75%         1
 Slow                     Hex            0%         N/A       75%         1
 Searing Ray              Conj           0%         2d4       86%         2
 Confusing Touch          Hex            0%         N/A       98%         3
 Stone Arrow              Conj/Erth      0%         3d7       98%         3
 Vampiric Draining        Necr           0%         2d6       98%         3
 Animate Armour           Summ/Erth      0%         N/A       100%        4
 Fulminant Prism          Conj/Hex       0%         3d6       100%        4
 Lehudib's Crystal Spear  Conj/Erth      0%         10d2      100%        8


Dungeon Overview and Level Annotations

Branches:
Dungeon (5/15)             Temple (1/1) D:4           Sewer (visited)


Innate Abilities, Weirdness & Mutations

You have an increased reservoir of magic. (+10% MP)
You shall have no god before yourself.
Your divine heritage dramatically boosts your attributes as you level up.


Message History

No target in view!
No target in view!
No target in view!
No target in view!
No target in view!
No target in view!
No target in view!
You start waiting.
Done waiting.
You start waiting.
Done waiting.
You climb downwards.
The ogre closely misses you. The orc hits you but does no damage.
The orc priest calls down the wrath of Beogh upon you.
Pain shoots through your body!
* * * LOW HITPOINT WARNING * * *
A kobold brigand comes into view.
It is wielding a +0 club and quivering poisoned darts.
A hound comes into view.
The orc completely misses you.
The orc priest looks satisfied for a moment.
The ogre hits you with a +0 giant spiked club!
* * * LOW HITPOINT WARNING * * *
There is a stone staircase leading up here.
Unknown command.
The orc barely misses you.
The orc priest hits you but does no damage.
You climb upwards.
There is a stone staircase leading down here.
Unknown command.
Unknown command.
Unknown command.
You puncture the ogre!
The ogre is moderately wounded.
The ogre closely misses you. The orc hits you but does no damage.
The orc priest misses you.
You hit the ogre.
The ogre is heavily wounded.
The ogre hits you with a +0 giant spiked club!!
Ouch! That really hurt!
You die...

.....## ###'..#
...#..### ._.#....#
...#(...# ####...##
.....#### ........##
##### .#.......#
#.)@## #........#
##.ooO#
####...[.####....##
P^.#......##......#
PPP#..[.......##..#
_.P#..............##
P.P#......#........#
.^P#.....#.........#
####.>...#.........#


You could see an ogre, an orc priest and an orc.

Vanquished Creatures
  A black bear (D:5)
  2 bullfrogs (Sewer)
  A scorpion (D:5)
  A water moccasin skeleton (D:4)
  A hound (D:4)
  A centaur skeleton (D:3)
  A bullfrog skeleton (D:2)
  Ijyb (D:4)
  An orc wizard (D:5)
  A hound skeleton (D:4)
  7 adders
  An adder skeleton (D:4)
  2 worms
  2 dart slugs (D:2)
  16 orcs
  5 bats
  14 endoplasms
  12 giant cockroaches
  13 goblins
  7 hobgoblins
  A jackal (D:3)
  15 quokkas
  20 ball pythons
  6 frilled lizards
  5 kobolds
  5 rats
142 creatures vanquished.

Vanquished Creatures (others)
  2 fungi (D:3)
  3 plants (D:3)
5 creatures vanquished.

Grand Total: 147 creatures vanquished

Notes
Turn   | Place    | Note
-------+----------+-------------------------------------------
     0 | D:1      | pkoi the Demigod Gladiator began the quest for the Orb.
     0 | D:1      | Reached XP level 1. HP: 17/17 MP: 3/3
   124 | D:1      | Reached skill level 3 in Unarmed Combat
   196 | D:1      | Reached XP level 2. HP: 24/24 MP: 4/4
   698 | D:2      | Reached skill level 4 in Unarmed Combat
   698 | D:2      | Reached XP level 3. HP: 13/29 MP: 5/5
  1356 | D:2      | Reached XP level 4. HP: 34/36 MP: 6/6
  2587 | D:3      | Reached skill level 5 in Unarmed Combat
  3495 | D:3      | Reached skill level 1 in Armour
  3495 | D:3      | Reached XP level 5. HP: 41/41 MP: 7/7
  4205 | D:4      | Found a staircase to the Ecumenical Temple.
  4205 | D:4      | Noticed Ijyb
  4219 | Temple   | Entered the Ecumenical Temple
  4309 | D:4      | Killed Ijyb
  4310 | D:4      | Reached XP level 6. HP: 48/48 MP: 8/8
  4754 | D:5      | Entered Level 5 of the Dungeon
  4767 | D:5      | Reached skill level 6 in Unarmed Combat
  4860 | D:5      | Found a glowing drain.
  4916 | Sewer    | Entered a sewer
  5833 | Sewer    | Reached XP level 7. HP: 16/53 MP: 9/9
  6478 | D:5      | Noticed a yak
  6721 | D:4      | Slain by an ogre

Illustrated notes

Levels and vault maps discovered:
D:1:      lemuel_arrival_lava_pool, layout_rooms, minmay_misc_feat_cross
D:2:      layout_basic, serial_park_tiny_2, dk_noncrumbling_2, kennysheep_nub,
          minmay_pentomino_s2
D:3:      layout_basic, mainiacjoe_overflow_six_doors_small,
          shapermc_ecumenical_altar_petra, st_stairs_9
D:4:      layout_cave_pools, mainiacjoe_overflow_divided_tiny,
          mainiacjoe_overflow_surrounded_room, nicolae_ru_the_path_less_chosen,
          minmay_temple_entry_glassed_door, serial_column_ruins,
          column_ruins_temple_circle, column_ruins_hut_ruined,
          column_ruins_corridor_straight, column_ruins_open_medium,
          column_ruins_open_small, column_ruins_columns_straight, uniq_ijyb
D:5:      layout_basic, gammafunk_ghost_necromancy, cheibrodos_sewer_entry_bend,
          moated_statue, minmay_fractal_squares_5, uniq_menkaure, uniq_grinder
Temple:   eino_temple_lava

Skill      XL: |  1  2  3  4  5  6 |
---------------+-------------------+-----
Unarmed Combat | 3 4 5 6 |  6.6
Armour         | 1 2 |  2.8
Dodging        | 3 4 |  4.1
Fighting       | |  1.7
Throwing       | |  1.7

Action                   |  1- 3 |  4- 6 |  7- 9 || total
-------------------------+-------+-------+-------++-------
Melee: Unarmed           |    20 |     4 |       ||    24
       Spear             |    25 |       |       ||    25
       Punch             |     2 |    18 |     2 ||    22
       Short sword       |    65 |   320 |    18 ||   403
  Use: Potion            |       |     4 |       ||     4
       Scroll            |       |     4 |       ||     4
 Stab: Sleeping          |     1 |     2 |       ||     3
Armor: Leather armour    |    38 |    33 |       ||    71
       Scale mail        |       |   129 |    10 ||   139
       Skin              |       |     1 |       ||     1
Dodge: Dodged            |    78 |   223 |    17 ||   318
